 Dungeon Crawl Stone Soup version 0.20-a0-548-g4f8a798 (webtiles) character file.

522 KristoblXynda the Cudgeler (level 7, -1/55 HPs)
             Began as a Green Draconian Gladiator on Feb 1, 2017.
             Killed by nerve-wracking pain
             ... invoked by an orc priest
              (9 damage)
             ... on level 4 of the Dungeon.
             The game lasted 00:06:22 (4068 turns).

KristoblXynda the Cudgeler (DrGl)                   Turns: 4068, Time: 00:06:23

Health: -1/55      AC:  8    Str: 16 (18) XL:     7   Next: 2%
Magic:  0/7        EV: 20    Int:  8 (9)  God:
Gold:   142        SH:  0    Dex: 16 (17) Spells: 6/6 levels left

rFire    . . .     SeeInvis .   f - +2 flail (holy)
rCold    . . .     Gourm    .   (armour unavailable)
rNeg     . . .     Faith    .   (no shield)
rPois    +         Spirit   +   b - +0 hat
rElec    .         Reflect  .   (no cloak)
rCorr    .         Harm     .   p - +1 pair of gloves
MR       .....                  (no boots)
Stlth    +++.......             j - amulet of guardian spirit
Regen    0.2/turn               (no ring)
                                l - ring of flight

@: agile, short of breath, flying
A: breathe noxious fumes, unfitting armour, poison resistance, cold-blooded, AC
+6
a: Breathe Noxious Fumes


You were on level 4 of the Dungeon.
You were hungry.

You visited 1 branch of the dungeon, and saw 4 of its levels.

You collected 142 gold pieces.

Inventory:

Hand Weapons
 f - a +2 flail of holy wrath (weapon)
Missiles
 c - 3 throwing nets (quivered)
Armour
 b - a +0 hat (worn)
 p - a +1 pair of gloves (worn)
Jewellery
 j - an amulet of guardian spirit (around neck)
 l - a ring of flight (left hand)
Scrolls
 e - a scroll of fog {unknown}
 g - 2 scrolls of amnesia {unknown}
 i - a scroll of remove curse
Potions
 a - a potion of degeneration
Comestibles
 d - 5 bread rations
 o - 3 fruits
 q - a meat ration
 r - a royal jelly


   Skills:
 - Level 2.1 Fighting
 + Level 5.4 Maces & Flails
 - Level 3.3 Throwing
 + Level 5.1 Dodging
 + Level 0.8 Stealth


You had 6 spell levels left.
You didn't know any spells.

Dungeon Overview and Level Annotations

Branches:
Dungeon (4/15)
 Temple: D:4-7

Altars:


Innate Abilities, Weirdness & Mutations

You can breathe blasts of noxious fumes.
Your lurid green scales are hard. (AC +6)
You cannot fit into any form of body armour.
Your system is resistant to poisons. (rPois)
You are cold-blooded and may be slowed by cold attacks.


Message History

You kill the orc!
Items here: ! ))))) [[[ †††† Butcher a gnoll corpse? [(y)es/(c)hoosy/(n)o/(a)ll/(e)dible/(q)uit/?]
Butcher an orc corpse? [(y)es/(c)hoosy/(n)o/(a)ll/(e)dible/(q)uit/?]
Okay, then.
Unknown command.
The orc priest seems less confused.
The orc priest hits you.
* * * LOW HITPOINT WARNING * * *
Items here: ! ))))) [[[ †††† You sock the orc priest!
Your tail-slap misses the orc priest.
The orc priest is severely wounded.
The orc priest misses you.
You closely miss the orc priest.
Your tail-slap misses the orc priest.
The orc priest is severely wounded.
The orc priest hits you but does no damage.
You hit the orc priest.
The orc priest is almost dead.
The orc priest mumbles some strange prayers to Beogh against you.
Pain shoots through your body!
You die...

##...##.##.##
#...#.#.#..#
#...#...#..#
###..#...#..#
.###.##.##.## .#
#...#....# .#
#.#......# .#
#.#...#..####### .#
#.#.#........@o#
.###.#.###..#####)#
..)).#...#......#...
..####.####.###.#.....
....##[#
#....)##......
..####.# #######
...... <......# ......
...##... .$.).#
##..#+###


You could see an orc priest.

Vanquished Creatures
  2 ogres
  A scorpion (D:4)
  An orc priest (D:4)
  2 hounds (D:4)
  2 orc wizards (D:4)
  A hound skeleton (D:4)
  4 adders
  4 gnolls
  2 worms
  3 dart slugs
  2 leopard geckos
  7 orcs
  9 bats
  4 giant cockroaches
  5 goblins
  4 hobgoblins
  7 jackals
  5 kobolds
  3 quokkas
  A ball python (D:2)
  5 frilled lizards
  9 rats
83 creatures vanquished.

Notes
Turn   | Place    | Note
-------+----------+-------------------------------------------
     0 | D:1      | KristoblXynda the Draconian Gladiator began the quest for the Orb.
     0 | D:1      | Reached XP level 1. HP: 17/17 MP: 1/1
   224 | D:1      | Reached XP level 2. HP: 17/24 MP: 2/2
   456 | D:1      | Reached XP level 3. HP: 14/29 MP: 3/3
  1747 | D:2      | Reached XP level 4. HP: 31/36 MP: 4/4
  2912 | D:3      | Found a faded altar of an unknown god.
  2978 | D:4      | Noticed an ogre
  3008 | D:3      | Killed an ogre
  3008 | D:3      | Reached XP level 5. HP: 25/41 MP: 3/5
  3508 | D:4      | Reached XP level 6. HP: 24/48 MP: 4/6
  3873 | D:4      | Reached skill level 5 in Maces & Flails
  4034 | D:4      | Reached skill level 5 in Dodging
  4053 | D:4      | Your scales start taking on a lurid green colour.
  4053 | D:4      | Reached XP level 7. HP: 7/55 MP: 1/7
  4053 | D:4      | Gained mutation: Your system is resistant to poisons. (rPois) [Green Draconian growth]
  4068 | D:4      | Killed from afar by an orc priest

Vault maps used:
D:1:      evilmike_arrival_home_sweet_home
D:3:      first_bread, chequers_ecumenical_altar_island, minivault_25,
          hangedman_decor_push
D:4:      minmay_distorted

Skill      XL: |  1  2  3  4  5  6 |
---------------+-------------------+-----
Throwing       | 2 3 |  3.3
Dodging        | 3 4 5 |  5.1
Maces & Flails | 4 5 |  5.4
Fighting       | |  2.1
Stealth        | |  0.8

Action                   |  1- 3 |  4- 6 |  7- 9 || total
-------------------------+-------+-------+-------++-------
Melee: Flail             |   101 |   176 |     6 ||   283
       Tailslap          |     8 |    17 |     1 ||    26
 Abil: Breathe Noxious F |       |       |     1 ||     1
  Use: Scroll            |       |     6 |       ||     6
       Potion            |       |     6 |       ||     6
 Stab: Sleeping          |     3 |     2 |       ||     5
  Eat: Chunk             |     2 |     8 |       ||    10
Armor: Skin              |    23 |    64 |     1 ||    88
Dodge: Dodged            |    72 |   129 |     7 ||   208
